BLB
CALIFORNIA KODIAKS @ LOS ANGELES DINOS
04/26/2060
 
TOP OF THE 1ST
California Kodiaks batting - Pitching for Los Angeles Dinos : RHP Conner Flowers
Pitching: RHP Conner Flowers
Batting: RHB Hayden Cornett 0-0: Fly out, F9 (Flyball, 89M, EV 93.1 MPH)
Batting: LHB Stephen Caskey 0-0: Bunted foul
0-1: Ball
1-1: Ball
2-1: Swinging Strike
2-2: Foul Ball, location: 2F
2-2: Strikes out swinging
Batting: RHB Stan Sikes 0-0: Fly out, F7 (Line Drive, 7S, EV 89.4 MPH)
Top of the 1st over - 0 runs, 0 hits, 0 errors, 0 left on base; California 0 - Los Angeles 0
BOTTOM OF THE 1ST
Los Angeles Dinos batting - Pitching for California Kodiaks : RHP Theodore Blume
Pitching: RHP Theodore Blume
Batting: LHB Johnathan Baird 0-0: Called Strike
0-1: Ball
1-1: Called Strike
1-2: Ball
2-2: DOUBLE (Line Drive, 9LS, EV 106.9 MPH)
Batting: LHB Tris Chikumbu 0-0: Ball
1-0: Ball
2-0: Called Strike
2-1: Foul Ball, location: 2F
2-2: Strikes out looking
Batting: RHB Rob Detling 0-0: Ball
1-0: SINGLE (Groundball, 34D, EV 105.6 MPH)
Johnathan Baird to third
Runner from 3rd tries for Home, SAFE, throw by RF to home
Batting: RHB Andy Dillon 0-0: Called Strike
0-1: Ball
1-1: SINGLE (Flyball, 78S, EV 95.6 MPH)
Rob Detling to second
Batting: RHB Vince Cox 0-0: Swinging Strike
0-1: Ball
1-1: Called Strike
1-2: Foul Ball, location: 2F
1-2: Foul Ball, location: 2F
1-2: Foul Ball, location: 2F
1-2: Grounds into double play, 4-6-3 (Groundball, 4, EV 81.2 MPH)
Bottom of the 1st over - 1 run, 3 hits, 0 errors, 1 left on base; California 0 - Los Angeles 1
TOP OF THE 2ND
California Kodiaks batting - Pitching for Los Angeles Dinos : RHP Conner Flowers
Batting: LHB Idris Wnuk 0-0: Ball
1-0: Foul Ball, location: 2F
1-1: Ball
2-1: Ball
3-1: Base on Balls
Batting: RHB Spencer Stephens 0-0: Called Strike
0-1: Ball
1-1: Ball
2-1: Called Strike
2-2: Foul Ball, location: 2F
2-2: Ball
3-2: Fly out, F8 (Flyball, 8LD, EV 76.9 MPH)
Batting: RHB C.J. Spicer 0-0: Called Strike
0-1: Called Strike
0-2: Ball
1-2: Ball
2-2: Foul Ball, location: 2F
2-2: Fielders Choice at 2nd, 1-4 (Groundball, 15S, EV 65.0 MPH)
Batting: RHB Al Wagner 0-0: Ball
1-0: Swinging Strike
1-1: SINGLE (Groundball, 5D, EV 93.8 MPH)
C.J. Spicer to second
Batting: LHB Logan Laughlin 0-0: Called Strike
0-1: Swinging Strike
0-2: Ball
1-2: Strikes out swinging
Top of the 2nd over - 0 runs, 1 hit, 0 errors, 2 left on base; California 0 - Los Angeles 1
BOTTOM OF THE 2ND
Los Angeles Dinos batting - Pitching for California Kodiaks : RHP Theodore Blume
Batting: LHB Shawn Hickey 0-0: Called Strike
0-1: Swinging Strike
0-2: Strikes out swinging
Batting: RHB Karson Gibson 0-0: Called Strike
0-1: Ball
1-1: Called Strike
1-2: Fly out, F9 (Flyball, 9D, EV 87.5 MPH)
Batting: RHB Orrin Perkins 0-0: Swinging Strike
0-1: SINGLE (Groundball, 4MD, EV 104.4 MPH)
Batting: RHB Derick Murphy 0-0: Ball
1-0: Foul Ball, location: 2F
1-1: Ball
2-1: Swinging Strike
2-2: Strikes out swinging
Bottom of the 2nd over - 0 runs, 1 hit, 0 errors, 1 left on base; California 0 - Los Angeles 1
TOP OF THE 3RD
California Kodiaks batting - Pitching for Los Angeles Dinos : RHP Conner Flowers
Batting: RHB Caron Wilson 0-0: Called Strike
0-1: Ball
1-1: Foul Ball, location: 2F
1-2: Ball
2-2: Foul Ball, location: 2F
2-2: Foul Ball, location: 2F
2-2: Ball
3-2: Fly out, F7 (Flyball, 78M, EV 97.5 MPH)
Batting: RHB Hayden Cornett 0-0: Ball
1-0: Swinging Strike
1-1: Called Strike
1-2: Ball
2-2: Strikes out swinging
Batting: LHB Stephen Caskey 0-0: Called Strike
0-1: Swinging Strike
0-2: Strikes out swinging
Top of the 3rd over - 0 runs, 0 hits, 0 errors, 0 left on base; California 0 - Los Angeles 1
BOTTOM OF THE 3RD
Los Angeles Dinos batting - Pitching for California Kodiaks : RHP Theodore Blume
Batting: LHB Johnathan Baird 0-0: Ball
1-0: Foul Ball, location: 2F
1-1: Fly out, F8 (Flyball, 78M, EV 76.9 MPH)
Batting: LHB Tris Chikumbu 0-0: Ground out 4-3 (Groundball, 4S, EV 85.0 MPH)
Batting: RHB Rob Detling 0-0: Ball
1-0: Foul Ball, location: 2F
1-1: Fly out, F8 (Line Drive, 8RS, EV 86.2 MPH)
Bottom of the 3rd over - 0 runs, 0 hits, 0 errors, 0 left on base; California 0 - Los Angeles 1
TOP OF THE 4TH
California Kodiaks batting - Pitching for Los Angeles Dinos : RHP Conner Flowers
Batting: RHB Stan Sikes 0-0: Called Strike
0-1: Swinging Strike
0-2: Fly out, F8 (Flyball, 8LD, EV 102.5 MPH)
Batting: LHB Idris Wnuk 0-0: Ground out 3-1 (Groundball, 34, EV 100.6 MPH)
Batting: RHB Spencer Stephens 0-0: Ball
1-0: Ball
2-0: Called Strike
2-1: SINGLE (Line Drive, 8RS, EV 105.0 MPH)
Batting: RHB C.J. Spicer 0-0: Foul Ball, location: 2F
0-1: Foul Ball, location: 2F
0-2: Fly out, F8 (Flyball, 8RM, EV 83.1 MPH)
Top of the 4th over - 0 runs, 1 hit, 0 errors, 1 left on base; California 0 - Los Angeles 1
BOTTOM OF THE 4TH
Los Angeles Dinos batting - Pitching for California Kodiaks : RHP Theodore Blume
Batting: RHB Andy Dillon 0-0: Called Strike
0-1: Swinging Strike
0-2: Strikes out swinging
Batting: RHB Vince Cox 0-0: Called Strike
0-1: Foul Ball, location: 2F
0-2: Ball
1-2: Ball
2-2: Fly out, F8 (Flyball, 8LD, EV 95.6 MPH)
Batting: LHB Shawn Hickey 0-0: Ball
1-0: Ball
2-0: Called Strike
2-1: Fly out, F3 (Line Drive, 34, EV 71.9 MPH)
Bottom of the 4th over - 0 runs, 0 hits, 0 errors, 0 left on base; California 0 - Los Angeles 1
TOP OF THE 5TH
California Kodiaks batting - Pitching for Los Angeles Dinos : RHP Conner Flowers
Batting: RHB Al Wagner 0-0: Swinging Strike
0-1: Ball
1-1: Ball
2-1: Swinging Strike
2-2: Ground out U3 (Groundball, 3L, EV 110.6 MPH)
Batting: LHB Logan Laughlin 0-0: Ball
1-0: Called Strike
1-1: Ball
2-1: Called Strike
2-2: Foul Ball, location: 2F
2-2: Ball
3-2: Base on Balls
Batting: RHB Caron Wilson 0-0: Called Strike
Logan Laughlin is caught stealing 2nd base 2-4
0-1: Foul Ball, location: 2F
0-2: Ball
1-2: Strikes out looking
Top of the 5th over - 0 runs, 0 hits, 0 errors, 0 left on base; California 0 - Los Angeles 1
BOTTOM OF THE 5TH
Los Angeles Dinos batting - Pitching for California Kodiaks : RHP Theodore Blume
Batting: RHB Karson Gibson 0-0: Called Strike
0-1: Ball
1-1: Ground out 6-3 (Groundball, 6, EV 86.2 MPH)
Batting: RHB Orrin Perkins 0-0: Ball
1-0: Called Strike
1-1: Called Strike
1-2: Hit by Pitch
Batting: RHB Derick Murphy 0-0: Ball
1-0: Ball
2-0: SINGLE (Line Drive, 4MD, EV 102.5 MPH)
Orrin Perkins to second
Batting: LHB Johnathan Baird 0-0: Ball
1-0: Foul Ball, location: 2F
1-1: Swinging Strike
1-2: Foul Ball, location: 2F
1-2: Foul Ball, location: 2F
1-2: Foul Ball, location: 2F
1-2: Ball
2-2: Foul Ball, location: 2F
2-2: SINGLE (Groundball, 34D, EV 106.2 MPH)
Orrin Perkins to third
Derick Murphy to second
Runner from 3rd tries for Home, throw by RF and OUT! 9-2
Batting: LHB Tris Chikumbu 0-0: Ball
1-0: Ball
2-0: Ball
3-0: 3-RUN HOME RUN (Flyball, 9D, EV 97.5 MPH), Distance : 384 ft
Batting: RHB Rob Detling 0-0: Called Strike
0-1: Ball
1-1: Foul Ball, location: 2F
1-2: Foul Ball, location: 2F
1-2: Ground out 6-3 (Groundball, 6, EV 86.2 MPH)
Bottom of the 5th over - 3 runs, 3 hits, 0 errors, 0 left on base; California 0 - Los Angeles 4
TOP OF THE 6TH
California Kodiaks batting - Pitching for Los Angeles Dinos : RHP Conner Flowers
Batting: RHB Hayden Cornett 0-0: Swinging Strike
0-1: Foul Ball, location: 2F
0-2: Ball
1-2: Foul Ball, location: 2F
1-2: Ball
2-2: Ball
3-2: SINGLE (Line Drive, 89S, EV 100.6 MPH)
Batting: LHB Stephen Caskey 0-0: Fly out, F9 (Flyball, 9, EV 85.0 MPH)
Batting: RHB Stan Sikes 0-0: Ball
Wild Pitch!
Hayden Cornett to second
1-0: Ball
2-0: Called Strike
2-1: Swinging Strike
2-2: 2-RUN HOME RUN (Flyball, 9D, EV 95.6 MPH), Distance : 370 ft
Batting: LHB Idris Wnuk 0-0: Ball
1-0: Ball
2-0: Ground out 2-3 (Groundball, 2L, EV 67.5 MPH)
Batting: RHB Spencer Stephens 0-0: Ball
1-0: Ball
2-0: Called Strike
2-1: Foul Ball, location: 2F
2-2: Strikes out swinging
Top of the 6th over - 2 runs, 2 hits, 0 errors, 0 left on base; California 2 - Los Angeles 4
BOTTOM OF THE 6TH
Los Angeles Dinos batting - Pitching for California Kodiaks : RHP Theodore Blume
Batting: RHB Andy Dillon 0-0: Called Strike
0-1: Ground out U3 (Groundball, 34, EV 80.0 MPH)
Batting: RHB Vince Cox 0-0: Called Strike
0-1: Ball
1-1: Ball
2-1: Swinging Strike
2-2: Foul Ball, location: 2F
2-2: Ground out 6-3 (Groundball, 56D, EV 100.6 MPH)
Batting: LHB Shawn Hickey 0-0: Ground out 6-3 (Groundball, 6, EV 78.1 MPH)
Bottom of the 6th over - 0 runs, 0 hits, 0 errors, 0 left on base; California 2 - Los Angeles 4
TOP OF THE 7TH
California Kodiaks batting - Pitching for Los Angeles Dinos : RHP Conner Flowers
Batting: RHB C.J. Spicer 0-0: SINGLE (Line Drive, 9S, EV 90.0 MPH)
Batting: RHB Al Wagner 0-0: Ball
1-0: Ball
2-0: Called Strike
2-1: Ball
3-1: Swinging Strike
3-2: Strikes out swinging
Batting: LHB Logan Laughlin 0-0: Ball
1-0: Called Strike
1-1: Ball
2-1: Ball
3-1: Fly out, F8 (Flyball, 8RM, EV 86.9 MPH)
Pitching: RHP Jamie Martino
Batting: RHB Caron Wilson 0-0: Swinging Strike
0-1: Ball
1-1: Ball
2-1: Ball
3-1: Fielders Choice at 2nd, 6-4 (Groundball, 6, EV 86.2 MPH)
Top of the 7th over - 0 runs, 1 hit, 0 errors, 1 left on base; California 2 - Los Angeles 4
BOTTOM OF THE 7TH
Los Angeles Dinos batting - Pitching for California Kodiaks : RHP Theodore Blume
Batting: RHB Karson Gibson 0-0: Ball
1-0: SINGLE (Line Drive, 8LS, EV 94.4 MPH)
Batting: RHB Orrin Perkins 0-0: Sac Bunt to 15 - play at first, batter OUT! 1-3
Karson Gibson to second
Batting: RHB Derick Murphy 0-0: Ball
1-0: Called Strike
1-1: Ground out 5-3 (Groundball, 56S, EV 71.9 MPH)
Karson Gibson to third
Batting: LHB Johnathan Baird 0-0: Called Strike
0-1: Foul Ball, location: 2F
0-2: DOUBLE (Line Drive, 8RXD, EV 111.9 MPH)
Karson Gibson scores
Pitching: LHP Payton Cooke
Batting: LHB Tris Chikumbu 0-0: Ball
1-0: Ball
2-0: Foul Ball, location: 2F
2-1: Ball
3-1: Swinging Strike
3-2: Strikes out looking
Bottom of the 7th over - 1 run, 2 hits, 0 errors, 1 left on base; California 2 - Los Angeles 5
TOP OF THE 8TH
California Kodiaks batting - Pitching for Los Angeles Dinos : RHP Jamie Martino
Pitching: RHP Tod Steffen
Batting: RHB Hayden Cornett 0-0: Ball
1-0: Called Strike
1-1: Called Strike
1-2: Strikes out looking
Batting: LHB Stephen Caskey 0-0: Called Strike
0-1: Ball
1-1: SOLO HOME RUN (Flyball, 89XD, EV 99.4 MPH), Distance : 384 ft
Batting: RHB Stan Sikes 0-0: Foul Ball, location: 2F
0-1: Ball
1-1: Foul Ball, location: 2F
1-2: Ball
2-2: SINGLE (Line Drive, 78M, EV 93.8 MPH)
Batting: LHB Idris Wnuk 0-0: Called Strike
0-1: Called Strike
0-2: Strikes out swinging
Batting: RHB Spencer Stephens 0-0: Called Strike
0-1: Swinging Strike
0-2: Strikes out swinging
Top of the 8th over - 1 run, 2 hits, 0 errors, 1 left on base; California 3 - Los Angeles 5
BOTTOM OF THE 8TH
Los Angeles Dinos batting - Pitching for California Kodiaks : LHP Payton Cooke
Batting: RHB Rob Detling 0-0: Ball
1-0: SINGLE (Groundball, 4MD, EV 102.5 MPH)
Batting: RHB Andy Dillon 0-0: Foul Ball, location: 2F
0-1: Swinging Strike
0-2: Strikes out swinging
Batting: RHB Vince Cox 0-0: Called Strike
0-1: Ball
Pickoff Throw to First - Out! 1-3
1-1: Ball
2-1: Called Strike
2-2: Strikes out swinging
Bottom of the 8th over - 0 runs, 1 hit, 0 errors, 0 left on base; California 3 - Los Angeles 5
TOP OF THE 9TH
California Kodiaks batting - Pitching for Los Angeles Dinos : RHP Tod Steffen
Batting: RHB C.J. Spicer 0-0: Called Strike
0-1: Ball
1-1: Foul Ball, location: 2F
1-2: Fly out, F8 (Line Drive, 8RD, EV 90.6 MPH)
Batting: RHB Al Wagner 0-0: Ball
1-0: Ball
2-0: Called Strike
2-1: Foul Ball, location: 2F
2-2: Ball
3-2: Foul Ball, location: 2F
3-2: SINGLE (Flyball, 6D, EV 95.0 MPH)
Pitching: RHP Drake Frykman
Batting: LHB Logan Laughlin 0-0: Ball
1-0: Fielders Choice at 2nd, 1-6 (Groundball, 34S, EV 72.5 MPH)
Batting: RHB Caron Wilson 0-0: Swinging Strike
0-1: DOUBLE (Flyball, 78D, EV 109.4 MPH)
Logan Laughlin to third
Batting: RHB Hayden Cornett 0-0: Swinging Strike
0-1: Foul Ball, location: 2F
0-2: Ball
1-2: Strikes out looking
Top of the 9th over - 0 runs, 2 hits, 0 errors, 2 left on base; California 3 - Los Angeles 5
Monday, April 29th , 2024 - OOTP Baseball 23.10 Build 110